 Dungeon Sprint DCSS version 0.30-a0-956-gcec3b41aec (webtiles) character file.

Game seed: 1530281708787979084

447 Parcival the Protected (level 6, -2/66 HPs)
             Began as a Minotaur Fighter on Mar 29, 2023.
             Succumbed to Sonja's poison
             ... in the Dungeon (Sprint I: "Red Sonja").
             The game lasted 00:01:28 (461 turns).

Parcival the Protected (Minotaur Fighter)            Turns: 461, Time: 00:01:28

Health: -2/66      AC: 10    Str: 23    XL:     6   Next: 73%
Magic:  5/5        EV: 10    Int:  5    God:
Gold:   297        SH:  0    Dex:  9    Spells: 5/5 levels left

rFire   . . .      SeeInvis .    i - +0 scythe
rCold   . . .      Faith    .    (shield currently unavailable)
rNeg    . . .      Spirit   .    b - +0 scale mail
rPois   .          Reflect  .    (helmet restricted)
rElec   .          Rampage  .    a - +0 cloak
rCorr   .          NoTele   +    (no gloves)
Will    .....                    (no boots) Stlth
                                 (no amulet)
HPRegen 0.31/turn                (no ring)
MPRegen 0.09/turn                (no ring)

@: mighty, lethally poisoned (-2 -> -63)
A: horns 2, retaliatory headbutt
a: no special abilities


You were in the Dungeon.
You visited 1 branch You collected 297 gold pieces.

Inventory:

Hand Weapons
 i - a +0 scythe (weapon)
Armour
 a - a +0 cloak (worn)
 b - a +0 scale mail (worn)
Wands
 k - a wand of paralysis (3)
Potions
 e - a potion of curing
 g - a potion of haste
 h - 2 potions of magic
 l - a potion of degeneration {unknown}


   Skills:
 + Level 9.6 Fighting
 + Level 8.0(8.2) Axes
 + Level 2.1(5.5) Polearms
 + Level 9.9 Armour
 + Level 1.9 Dodging
 + Level 9.0 Shields


You had 5 spell levels left.
You didn't know any spells.
Your spell library was empty.

Dungeon Overview and Level Annotations

Branches:
Dungeon (1/1)

Altars:
Cheibriados
Dithmenos
Elyvilon
Fedhas
Gozag
Hepliaklqana
Kikubaaqudgha
Nemelex Xobeh
Okawaru
Qazlal
Ru
Sif Muna
Trog
Uskayaw
Vehumet
Wu Jian
Yredelemnul
Zin
The Shining One

Shops:
D (

Annotations:
D Sonja


Innate Abilities, Weirdness & Mutations

You have a pair of horns on your head.
You reflexively headbutt those who attack you in melee.


Message History

Sonja hits you with a +2 short sword of venom.
Sonja hits you but does no damage.
You are more poisoned.
Sonja hits you but does no damage.
You are more poisoned.
You miss Sonja. Your headbutt misses Sonja.
Sonja is lightly wounded.
You feel extremely sick.
Sonja gestures wildly while chanting.
Sonja blinks!
You feel extremely sick.
There is an open door here.
You miss Sonja.
Sonja is lightly wounded.
You feel extremely sick.
Sonja hits you with a +2 short sword of venom.
You are lethally poisoned!
Sonja hits you with a +2 short sword of venom!
* * * LOW HITPOINT WARNING * * *
You are more poisoned.
Sonja hits you but does no damage.
Sonja hits you with a +2 short sword of venom.
* * * LOW HITPOINT WARNING * * *
You are more poisoned.
Sonja hits you with a +2 short sword of venom.
* * * LOW HITPOINT WARNING * * *
Sonja hits you with a +2 short sword of venom.
* * * LOW HITPOINT WARNING * * *
You are more poisoned.
You feel much better.
* * * LOW HITPOINT WARNING * * *
You feel extremely sick.
Sonja hits you with a +2 short sword of venom!
* * * LOW HITPOINT WARNING * * *
You are more poisoned.
Sonja barely misses you. Sonja closely misses you.
Blink to where?
Press: ? - help, Dir - move target
As you read the scroll of blinking, it crumbles to dust.
You die...

#..#__####..##.#
#..#_____##'#_.+
#⌠⌠#_.∩...'..._#
####_..__##_K#+#
#_____###§#
#########.##
+$.$+ #$.$#
##@## #+#


You could see Sonja.

Vanquished Creatures
  Sigmund (D)
  A yak (D)
  An ogre (D)
  A jelly (D)
  Ijyb (D)
5 creatures vanquished.

Notes
Turn   | Place    | Note
-------+----------+-------------------------------------------
     0 | D        | Parcival the Minotaur Fighter began the quest for the Orb.
     0 | D        | Reached XP level 1. HP: 19/19 MP: 0/0
     1 | D        | Noticed Ijyb
     2 | D        | Paralysed by Ijyb for 5 turns
    16 | D        | Killed Ijyb
    17 | D        | Reached skill level 5 in Fighting
    17 | D        | Reached skill level 5 in Armour
    17 | D        | Reached XP level 2. HP: 12/29 MP: 1/1
    91 | D        | Noticed an ogre
    93 | D        | Killed an ogre
    94 | D        | Reached XP level 3. HP: 39/39 MP: 2/2
    94 | D        | Reached XP level 4. HP: 47/47 MP: 3/3
   107 | D        | Noticed Sigmund
   119 | D        | Killed Sigmund
   120 | D        | Reached skill level 1 in Dodging
   120 | D        | Reached XP level 5. HP: 19/56 MP: 4/4
   120 | D        | Reached XP level 6. HP: 21/62 MP: 5/5
   264 | D        | Found an ornate altar of the Wu Jian Council.
   264 | D        | Found a shimmering blue altar of Sif Muna.
   266 | D        | Found a radiant altar of Vehumet.
   298 | D        | Found Pyesapun's Weapon Emporium.
   298 | D        | Found an ancient bone altar of Kikubaaqudgha.
   298 | D        | Found a hazy altar of Hepliaklqana.
   298 | D        | Found a hide-covered altar of Uskayaw.
   298 | D        | Found a basalt altar of Yredelemnul.
   298 | D        | Found an opulent altar of Gozag.
   298 | D        | Found a snail-covered altar of Cheibriados.
   298 | D        | Found a sacrificial altar of Ru.
   298 | D        | Found a shadowy altar of Dithmenos.
   298 | D        | Noticed a yak
   299 | D        | Found a stormy altar of Qazlal.
   299 | D        | Found a blossoming altar of Fedhas.
   299 | D        | Found a bloodstained altar of Trog.
   299 | D        | Found an iron altar of Okawaru.
   299 | D        | Found a glowing golden altar of the Shining One.
   299 | D        | Found a glowing silver altar of Zin.
   299 | D        | Found a white marble altar of Elyvilon.
   310 | D        | Killed a yak
   312 | D        | Found a sparkling altar of Nemelex Xobeh.
   453 | D        | Noticed Sonja
   461 | D        | Succumbed to Sonja's poison

Illustrated notes

Levels and vault maps discovered:
D:        dungeon_sprint_1 [red_sonja_temple_1, red_sonja_temple_small_1]

Skill      XL: |  1  2  3  4  5  6 |
---------------+-------------------+-----
Fighting       | 5 7 8 9 |  9.6
Axes           | 3 4 6 8 |  8.0
Armour         | 5 7 8 9 |  9.9
Shields        | 4 6 8 9 |  9.0
Dodging        | 1 |  1.9
Polearms       | 2 |  2.1

Action                     |  1- 3 |  4- 6 || total
---------------------------+-------+-------++-------
  Melee: War axe           |    11 |    11 ||    22
         Headbutt          |     2 |     3 ||     5
         Halberd           |       |    17 ||    17
    Use: Potion            |     1 |     2 ||     3
         Scroll            |       |     1 ||     1
 Armour: Scale mail        |     5 |     9 ||    14
  Dodge: Dodged            |     3 |    15 ||    18
  Block: Buckler           |     2 |     3 ||     5

Table legend: (Time is in decaauts)
 A = Elapsed time spent in this place.
 B = Non-inter-level travel time spent in this place.
 C = Inter-level travel time spent in this place.
 D = Time resting spent in this place.
 E = Time spent auto-exploring this place.
 F = Levels seen in this place.
 G = Mean time per level.
                   A        B        C        D        E       F      G
               +--------+--------+--------+--------+--------+-----+--------+
         Total |    485 |    485 |      0 |      0 |    355 |   1 |  485.0 |
       Dungeon |    485 |    485 |      0 |      0 |    355 |   1 |  485.0 |
               +--------+--------+--------+--------+--------+-----+--------+

Top non-repeatable levels by time:
       D: 485 daAuts
